 Dungeon Crawl Stone Soup version 0.31-a0-236-g9a0961fb85 (webtiles) character file.

Game seed: 16749685785803132210

291 qw the Shooter (level 6, -4/51 HPs)
             Began as a Minotaur Hexslinger on July 10, 2023.
             Slain by a +2 spectral club (6 damage)
             ... created by Ijyb
             ... on level 3 of the Dungeon.
             The game lasted 00:00:51 (2020 turns).

qw the Shooter (Minotaur Hexslinger)                Turns: 2020, Time: 00:00:52

Health: -4/51      AC:  6    Str: 13    XL:     6   Next: 10%
Magic:  2/2        EV:  8    Int: 10    God:
Gold:   54         SH:  0    Dex: 14    Spells: 6/7 levels left

rFire   . . .        Y - +0 shortbow (antimagic)
rCold   + . .        (shield currently unavailable)
rNeg    + . .        e - +0 ring mail
rPois   .            (helmet restricted)
rElec   .            a - +0 cloak of Calculation {+Inv rC+ rN+}
rCorr   .            (no gloves)
SInv    .            (no boots)
Will    .....        (no amulet)
Stlth   +            (no ring)
HPRegen 0.28/turn    (no ring)
MPRegen 0.08/turn

%: no passive effects
@: grasped by roots, constricted
A: horns 2, retaliatory headbutt
a: Evoke Invisibility


You were on level 3 of the Dungeon.
You visited 1 branch of the dungeon, and saw 3 of its levels.

You collected 78 gold pieces.
You spent 24 gold pieces at shops.


Innate Abilities, Weirdness & Mutations

You have a pair of horns on your head.
You reflexively headbutt those who attack you in melee.


   Skills:
 + Level 3.3 Fighting
 - Level 6.2 Ranged Weapons
 - Level 1.3 Armour
 - Level 2.1 Dodging
 - Level 1.0 Spellcasting
 - Level 2.0 Hexes


You had 6 spell levels left.
You knew the following spells:

 Your Spells              Type           Power      Damage    Failure   Level
a - Slow                  Hex            16%        N/A       32%         1

Your spell library contained the following spells:

 Spells                   Type           Power      Damage    Failure   Level
 Inner Flame              Hex/Fire       2%         N/A       82%         3
 Portal Projectile        Hex/Tloc       4%         N/A       82%         3
 Cause Fear               Hex            2%         N/A       97%         4

Inventory:

Hand Weapons
 Y - a +0 antimagic shortbow (weapon)
Armour
 a - the +0 cloak of Calculation (worn) {+Inv rC+ rN+}
   (You acquired it on level 1 of the Dungeon)

   rC:        It protects you from cold.
   rN:        It protects you from negative energy.
   +Inv:      It lets you turn invisible.
 e - a +0 ring mail (worn)
Scrolls
 h - 2 scrolls of identify
 l - a scroll of torment {unknown}
 m - a scroll of teleportation {unknown}
Potions
 b - a potion of enlightenment {unknown}
 c - a potion of lignification {unknown}
 d - a potion of cancellation {unknown}
 f - 2 potions of mutation {unknown}
 g - a potion of degeneration {unknown}
 i - 2 potions of haste {unknown}
 j - 2 potions of heal wounds {unknown}
 k - 2 potions of attraction {unknown}

Dungeon Overview and Level Annotations

Branches:
Dungeon (3/15)

Altars:
Gozag

Shops:
D:2 *(

Annotations:
D:3 2 transporters, Ijyb


Message History

Enter note:
Enter note:
Enter note:
Enter note:
Enter note:
Enter note:
Enter note: You shoot an arrow.
The arrow hits Ijyb but does no damage.
The grasping roots constrict you. x2
You shoot an arrow. The arrow hits Ijyb but does no damage.
The grasping roots constrict you.
You shoot an arrow. The arrow hits Ijyb.
Ijyb is lightly wounded.
The grasping roots constrict you.
The grasping roots release their grip on you.
You shoot an arrow. The arrow hits Ijyb but does no damage.
Ijyb is lightly wounded.
You shoot an arrow. The arrow hits Ijyb.
Ijyb is moderately wounded.
Ijyb hits you with a +2 spectral club. The +2 spectral club hits you.
A +2 spectral club comes into view.
You shoot an arrow. The arrow hits Ijyb.
Ijyb is moderately wounded.
The +2 spectral club hits you. Ijyb closely misses you.
The +2 spectral club barely misses you. The +2 spectral club hits you.
Ijyb barely misses you. The +2 spectral club hits you.
You shoot an arrow. The arrow hits Ijyb.
Ijyb is heavily wounded.
The +2 spectral club hits you. Ijyb hits you with a +2 spectral club.
The +2 spectral club hits you. x2
You shoot an arrow. The arrow closely misses Ijyb.
The +2 spectral club hits you.
Ijyb zaps a wand.
The roots erupt in riotous growth!
The grasping roots grab you!
Ijyb is unaffected.
The grasping roots constrict you.
You shoot an arrow. The arrow hits Ijyb.
Ijyb is severely wounded.
The +2 spectral club hits you. x2; The +2 spectral club disappears.
Ijyb hits you with a +2 spectral club. The +2 spectral club hits you.
You die...

#.###.## ##.## ##.##
##.###.# #.. ### ###
### ###...# ##.
#..### ## +..# ##.###
# ### ###...# ##.
##.## ##.###.#
##...###...###...##.#
+..}..@(.}..'..}..'.#
##...#g#...###...##.#
##. #.##.## ##.###.#
# ...### ### #.# ...
..# ..... .## ..... #
##...##


You could see a +2 spectral club (wandering) and Ijyb.

Vanquished Creatures
  Sigmund (D:3)
  Jessica (D:3)
  6 adders
  A dart slug (D:1)
  2 orcs (D:3)
  4 endoplasms (D:2)
  3 giant cockroaches
  3 goblins
  2 hobgoblins (D:2)
  7 kobolds
  4 quokkas
  9 ball pythons
  3 bats
  4 frilled lizards
  A rat (D:2)
51 creatures vanquished.

Notes
Turn   | Place    | Note
-------+----------+-------------------------------------------
     0 | D:1      | qw the Minotaur Hexslinger began the quest for the Orb.
     0 | D:1      | Reached XP level 1. HP: 16/16 MP: 1/1
     0 | D:1      | 0 ||| qw: Version: 0.3-a-52-g30416fa
     0 | D:1      | 0 ||| qw: Game counter: 4515
     0 | D:1      | 0 ||| qw: Melee chars always use a shield: true
     0 | D:1      | 0 ||| qw: God list: Okawaru
     0 | D:1      | 0 ||| qw: Allow faded altars: false
     0 | D:1      | 0 ||| qw: Do Orc after clearing Dungeon:15 true
     0 | D:1      | 0 ||| qw: Do second Lair branch before Depths: true
     0 | D:1      | 0 ||| qw: Lair rune preference: random
     0 | D:1      | 0 ||| qw: Goals: Normal
     0 | D:1      | 0 ||| PLANNING D:1-11
   211 | D:1      | Found a faded altar of an unknown god.
   253 | D:1      | Reached skill level 3 in Ranged Weapons
   253 | D:1      | Reached XP level 2. HP: 23/23 MP: 2/2
   816 | D:1      | 816 ||| UPGRADING to +0 ring mail.
   826 | D:1      | 826 ||| DROPPING +0 robe.
   827 | D:1      | 827 ||| DROPPING +6 ring of intelligence.
   828 | D:1      | 828 ||| READING 2 scrolls labelled AFYISE WICEOCS.
   828 | D:1      | Identified 2 scrolls of acquirement
   828 | D:1      | 828 ||| ACQUIRING +0 antimagic shortbow
   828 | D:1      | Acquired a +0 antimagic shortbow
   829 | D:1      | 829 ||| READING scroll of acquirement.
   829 | D:1      | 829 ||| ACQUIRING +0 cloak of Calculation {+Inv rC+ rN+}
   829 | D:1      | Acquired the +0 cloak of Calculation {+Inv rC+ rN+}
   831 | D:1      | 831 ||| SWAPPING to +0 antimagic shortbow.
   832 | D:1      | 832 ||| UPGRADING to +0 cloak of Calculation {+Inv rC+
                  | rN+}.
   837 | D:1      | 837 ||| DROPPING +1 sling.
   838 | D:1      | 838 ||| DROPPING scroll of poison.
   872 | D:2      | Found Okeon's Assorted Antiques.
   893 | D:2      | 893 ||| BUYING fizzy white potion (24 gold).
   893 | D:2      | Bought a fizzy white potion for 24 gold pieces
   893 | D:2      | 893 ||| SHOPLISTING golden potion (24 gold, have 17).
   893 | D:2      | 893 ||| SHOPLISTING pair of boots (121 gold, have 17).
   893 | D:2      | 893 ||| SHOPLISTING scroll labelled HIEHUI QIZE (27 gold,
                  | have 17).
   893 | D:2      | 893 ||| SHOPLISTING scroll labelled ZEIDAMU MUCEMM (27
                  | gold, have 17).
   893 | D:2      | 893 ||| SHOPLISTING viscous inky potion (24 gold, have 17).
   908 | D:2      | Reached XP level 3. HP: 30/30 MP: 1/3
   947 | D:2      | Reached skill level 4 in Ranged Weapons
  1002 | D:2      | Found Manuggul's Weapon Shop.
  1071 | D:2      | Reached XP level 4. HP: 37/37 MP: 1/4
  1172 | D:2      | Reached skill level 1 in Armour
  1359 | D:2      | 1359 ||| READING scroll labelled KEV VIAHIOFRISM.
  1360 | D:2      | 1360 ||| READING scroll labelled USODERCHAHET.
  1361 | D:2      | 1361 ||| DRINKING 2 white potions.
  1362 | D:2      | 1362 ||| DRINKING 2 viscous inky potions.
  1363 | D:2      | 1363 ||| DROPPING potion of invisibility.
  1364 | D:2      | 1364 ||| DROPPING potion of brilliance.
  1428 | D:3      | Noticed Sigmund
  1442 | D:3      | Killed Sigmund
  1443 | D:3      | Reached skill level 6 in Ranged Weapons
  1443 | D:3      | Reached XP level 5. HP: 26/42 MP: 1/5
  1598 | D:3      | Found a transporter.
  1608 | D:3      | Found a transporter.
  1609 | D:3      | Noticed an ice beast
  1613 | D:3      | Found an opulent altar of Gozag.
  1622 | D:3      | Noticed a phantom
  1921 | D:3      | Noticed Jessica
  1923 | D:3      | Reached XP level 6. HP: 50/50 MP: 2/6
  1927 | D:3      | Killed Jessica
  1928 | D:3      | Reached skill level 3 in Fighting
  2011 | D:3      | Noticed Ijyb
  2020 | D:3      | HP: 10/51 [+2 spectral club[Ijyb] (5)]
  2020 | D:3      | HP: 2/51 [Ijyb/+2 spectral club (3)]
  2020 | D:3      | Slain by a +2 spectral club

Levels and vault maps discovered:
D:1:      minmay_arrival_four_loops, layout_loops_cross, basic_ecumenical_altar,
          minmay_hedge_maze, chequers_serial_rivers_micro_a
D:2:      layout_rooms, serial_shops, nicolae_shop_bloodbath_and_beyond, shop
D:3:      layout_basic, gammafunk_temple_overflow_arena, nicolae_hexahallways,
          kennysheep_jessica_study, uniq_sigmund, uniq_ijyb

Skill      XL: |  1  2  3  4  5  6 |
---------------+-------------------+-----
Ranged Weapons | 3 4 6 |  6.2
Fighting       | 2 3 |  3.3
Armour         | 1 |  1.3
Dodging        | |  2.1
Spellcasting   | |  1.0
Hexes          | |  2.0

Action                     |  1- 3 |  4- 6 || total
---------------------------+-------+-------++-------
   Fire: Sling             |    26 |       ||    26
         Shortbow          |    57 |   101 ||   158
    Use: Scroll            |     2 |     2 ||     4
         Potion            |       |     2 ||     2
 Armour: Ring mail         |    26 |    17 ||    43
  Dodge: Dodged            |    29 |    29 ||    58

Table legend:
 A = Non-vault XP
 B = Vault XP
 C = Vault XP percentage of total XP
 D = Non-vault monster count
 E = Vault monster count
 F = Vault count percentage of total count
                 A         B        C        D         E       F
            +---------+---------+-------+---------+---------+-------
      Total |     152 |     265 |  63.5 |      48 |       3 |   5.9
            +---------+---------+-------+---------+---------+-------
        D:1 |      20 |       0 |   0.0 |      11 |       0 |   0.0
        D:2 |      99 |       0 |   0.0 |      25 |       0 |   0.0
        D:3 |      33 |     265 |  88.9 |      12 |       3 |  20.0
            +---------+---------+-------+---------+---------+-------
